 Dungeon Crawl Stone Soup version 0.23.2-30-g0e89c35 (webtiles) character file.

Game seed: 7681106902689456518

5174 Fang the Fighter (level 10, -2/66 HPs)
             Began as a Gargoyle Berserker on June 12, 2019.
             Was a High Priest of Trog.
             Slain by a centaur warrior (7 damage)
             ... on level 8 of the Dungeon on June 13, 2019.
             The game lasted 00:09:29 (7996 turns).

Fang the Fighter (Gargoyle Berserker)               Turns: 7996, Time: 00:09:30

Health: -2/66      AC: 19    Str: 24    XL:     10   Next: 59%
Magic:  19/19      EV: 11    Int:  8    God:    Trog [*****.]
Gold:   252        SH:  0    Dex:  9    Spells: 9/9 levels left

rFire    . . .     SeeInvis .   a - +0 hand axe
rCold    . . .     Gourm    .   (no shield)
rNeg     + . .     Faith    .   b - +0 chain mail
rPois    ∞         Spirit   .   (no helmet)
rElec    +         Reflect  .   x - +0 cloak {MR+}
rCorr    .         Harm     .   (no gloves)
MR       +....                  (no boots)
Stlth    ..........             C - amulet of the acrobat
HPRegen  0.21/turn              o - ring of stealth
MPRegen  0.16/turn              y - ring of magical power

@: berserk cooldown, slowed, very slow
A: negative energy resistance 1, electricity resistance, unbreathing,
petrification resistance, rot immunity, AC +7
a: Berserk, Trog's Hand, Brothers in Arms, Renounce Religion


You were on level 8 of the Dungeon.
You worshipped Trog.
Trog was extremely pleased with you.
You were very hungry.

You visited 2 branches of the dungeon, and saw 9 of its levels.
You also visited: Ossuary.

You collected 252 gold pieces.

Inventory:

Hand Weapons
 a - a +0 hand axe (weapon)
Armour
 b - a +0 chain mail (worn)
 x - a +0 cloak of magic resistance (worn)
Jewellery
 o - a ring of stealth (left hand)
 s - an uncursed ring of positive energy
 y - a ring of magical power (right hand)
 A - an uncursed ring of positive energy
 C - an amulet of the acrobat (around neck)
 G - a +3 ring of intelligence {unknown}
 J - a cursed ring of attention {unknown}
 K - an uncursed ring of fire {unknown}
Wands
 u - a wand of flame (9)
 D - a wand of random effects (25)
 H - a wand of paralysis (9)
Scrolls
 e - 8 scrolls of identify {unknown}
 f - 2 scrolls of enchant armour {unknown}
 g - 2 scrolls of fear {unknown}
 j - 3 scrolls of remove curse {unknown}
 l - 2 scrolls of amnesia {unknown}
 m - 4 scrolls of magic mapping {unknown}
 p - 2 scrolls of enchant weapon {unknown}
 q - 3 scrolls of immolation {unknown}
 z - a scroll of random uselessness {unknown}
 E - 2 scrolls of teleportation {unknown}
 M - a scroll of holy word {unknown}
Potions
 d - a potion of berserk rage {unknown}
 h - 3 potions of mutation {unknown}
 i - 3 potions of lignification {unknown}
 k - 5 potions of curing {unknown}
 n - 3 potions of cancellation {unknown}
 r - a potion of ambrosia {unknown}
 t - 6 potions of haste {unknown}
 v - 4 potions of heal wounds {unknown}
 w - a potion of agility {unknown}
 B - a potion of might {unknown}
 F - a potion of degeneration {unknown}
 I - 3 potions of flight {unknown}
Comestibles
 c - 6 rations


   Skills:
 + Level 9.1 Fighting
 + Level 7.5 Axes
 + Level 8.7 Armour
 + Level 6.6 Dodging


You had 9 spell levels left.
You didn't know any spells.
Your spell library was empty.

Dungeon Overview and Level Annotations

Branches:
Dungeon (8/15)             Temple (1/1) D:6            Lair (0/6) D:8

Altars:
Cheibriados
Dithmenos
Nemelex Xobeh
Okawaru
Qazlal
Vehumet
Zin
The Shining One

Shops:
D:4 !??*   D:6 =

Annotations:
D:8 Joseph


Innate Abilities, Weirdness & Mutations

You are resistant to torment.
Your stone body is resilient. (AC +7)
You are immune to poison.
You resist negative energy. (rN+)
You are resistant to electric shocks. (rElec)
You can survive without breathing.
You are immune to petrification.
You are immune to rotting.


Message History

You kill the yak!
Trog accepts your kill.
You slash the centaur warrior! The death yak barely misses you.
The centaur warrior hits you.
* * * LOW HITPOINT WARNING * * *
You slash the death yak!
The death yak is severely wounded.
You slash the death yak! You hit Joseph. You hit the centaur warrior.
You are no longer berserk.
You are exhausted.
You feel yourself slow down.
The death yak gores you but does no damage.
Joseph misses you.
The death yak gores you but does no damage.
The centaur warrior hits you but does no damage.
You hit the death yak but do no damage.
The death yak is severely wounded.
You hit the death yak but do no damage. You hit Joseph but do no damage.
You hit the centaur warrior. The centaur warrior hits you!
You die...

#..........
#(..(......
#..........
#..........
#.......>..
#$.........
#.†Yc..?..(
#.@@......
#.†Y.#....
#.........
..........
...######..
....# .
.....#
......#


You could see 2 death yaks, Joseph and a centaur warrior.

Vanquished Creatures
  A death yak (D:8)
  A troll (D:5)
  A hornet (D:7)
  The ghost of Fortress the Firebug, an amateur DsFE (D:3)
  3 yaks (D:8)
  Eustachio (D:4)
  A hungry ghost (D:7)
  Edmund (D:5)
  An orc warrior (D:6)
  4 sky beasts
  4 ogres
  A phantom (D:4)
  2 centaurs
  2 bullfrogs
  2 big kobolds
  9 scorpions
  2 howler monkeys (D:7)
  2 crimson imps (D:6)
  A centaur zombie (Ossuary)
  4 hounds
  3 human zombies (Ossuary)
  3 orc priests
  A jelly (D:5)
  Crazy Yiuf (D:4)
  A bullfrog skeleton (D:5)
  6 orc wizards
  Terence (D:2)
  An iguana (D:5)
  8 worker ants
  A big kobold zombie (Ossuary)
  A hound zombie (D:7)
  3 hound skeletons
  3 mummies (Ossuary)
  A howler monkey zombie (D:5)
  Robin (D:4)
  6 adders
  A gnoll (D:1)
  2 scorpion zombies (Ossuary)
  2 shadow imps (D:7)
  An ooze (D:5)
  2 adder skeletons
  6 worms
  2 dart slugs (D:1)
  A leopard gecko (D:2)
  41 orcs
  7 bats
  6 giant cockroaches
  12 goblins
  12 hobgoblins
  12 jackals
  5 quokkas
  9 frilled lizards
  A giant cockroach zombie (D:5)
  2 hobgoblin zombies (Ossuary)
  17 kobolds
  3 kobold zombies (Ossuary)
  A leopard gecko skeleton (D:6)
  An orc zombie (Ossuary)
  2 quokka zombies (D:6)
  7 rats
240 creatures vanquished.

Vanquished Creatures (others)
  A scorpion (Ossuary)
1 creature vanquished.

Grand Total: 241 creatures vanquished

Notes
Turn   | Place    | Note
-------+----------+-------------------------------------------
     0 | D:1      | Fang the Gargoyle Berserker began the quest for the Orb.
     0 | D:1      | Reached XP level 1. HP: 14/14 MP: 1/1
   119 | D:1      | Reached XP level 2. HP: 12/19 MP: 2/2
   341 | D:1      | Reached ** piety under Trog
   376 | D:1      | Reached XP level 3. HP: 17/24 MP: 3/3
  1046 | D:2      | Noticed Terence
  1057 | D:2      | Reached XP level 4. HP: 28/29 MP: 4/4
  1073 | D:2      | Killed Terence
  1073 | D:2      | Reached skill level 4 in Fighting
  1527 | D:2      | Found a glowing golden altar of the Shining One.
  1766 | D:3      | Reached XP level 5. HP: 33/33 MP: 5/5
  1831 | D:3      | Reached *** piety under Trog
  2221 | D:3      | Reached XP level 6. HP: 39/39 MP: 6/6
  2489 | D:3      | Found a runed translucent door.
  2490 | D:3      | Noticed Fortress's ghost (amateur DsFE)
  2588 | D:3      | Killed Fortress's ghost
  2588 | D:3      | Reached skill level 5 in Fighting
  2588 | D:3      | Reached XP level 7. HP: 44/44 MP: 7/7
  2694 | D:4      | Found Eqiuroap's Magic Scroll Emporium.
  2715 | D:4      | Reached **** piety under Trog
  2842 | D:4      | Found Dar Koxo's Distillery.
  2850 | D:4      | Noticed Eustachio
  2863 | D:4      | Killed Eustachio
  2863 | D:4      | Reached skill level 5 in Armour
  2943 | D:4      | Found a radiant altar of Vehumet.
  3004 | D:4      | Found Lojuwiri's Magic Scroll Shop.
  3034 | D:4      | Found Souph's Assorted Antiques.
  3039 | D:4      | Found an iron altar of Okawaru.
  3039 | D:4      | Noticed Robin
  3065 | D:4      | Killed Robin
  3105 | D:4      | Reached XP level 8. HP: 41/51 MP: 8/8
  3207 | D:4      | Found a runed translucent door.
  3208 | D:4      | Noticed Crazy Yiuf
  3253 | D:4      | Reached skill level 6 in Fighting
  3342 | D:4      | Reached skill level 5 in Axes
  3410 | D:4      | Killed Crazy Yiuf
  3623 | D:5      | Entered Level 5 of the Dungeon
  4063 | D:5      | Noticed a troll
  4076 | D:5      | Killed a troll
  4345 | D:5      | Reached XP level 9. HP: 40/56 MP: 9/9
  4355 | D:5      | Reached skill level 7 in Fighting
  4553 | D:5      | Reached skill level 5 in Dodging
  4777 | D:5      | Noticed Edmund
  4824 | D:5      | Killed Edmund
  5339 | D:5      | Found a shadowy altar of Dithmenos.
  5339 | D:5      | Found a stormy altar of Qazlal.
  5454 | D:6      | Found Upnavoal's Jewellery Emporium.
  5462 | D:6      | Found a staircase to the Ecumenical Temple.
  5490 | D:6      | Found a sand-covered staircase.
  5503 | Ossuary  | Entered an ossuary
  5517 | Ossuary  | Reached ***** piety under Trog
  6195 | D:6      | Found a sparkling altar of Nemelex Xobeh.
  6420 | D:6      | Reached skill level 8 in Fighting
  6476 | D:6      | Received a gift from Trog
  6863 | Temple   | Entered the Ecumenical Temple
  6874 | D:7      | Noticed a hornet
  6887 | D:7      | Reached XP level 10. HP: 46/64 MP: 10/10
  7595 | D:7      | Found a snail-covered altar of Cheibriados.
  7596 | D:7      | Found a glowing silver altar of Zin.
  7972 | D:8      | Found a staircase to the Lair.
  7972 | D:8      | Noticed a death yak
  7972 | D:8      | Noticed a death yak
  7973 | D:8      | Noticed a death yak
  7974 | D:8      | Noticed Joseph
  7978 | D:8      | Noticed a centaur warrior
  7984 | D:8      | Killed a death yak
  7989 | D:8      | Reached skill level 9 in Fighting
  7996 | D:8      | Slain by a centaur warrior

Skill      XL: |  1  2  3  4  5  6  7  8  9 10 |
---------------+-------------------------------+-----
Axes           | 3 4 5 6 7 |  7.5
Dodging        | 2 3 4 5 6 |  6.6
Fighting       | 4 5 6 8 9 |  9.1
Armour         | 3 4 5 6 7 8 |  8.7

Action                   |  1- 3 |  4- 6 |  7- 9 | 10-12 || total
-------------------------+-------+-------+-------+-------++-------
Melee: Hand axe          |   136 |   225 |   775 |   161 ||  1297
Invok: Berserk           |     1 |     4 |     7 |     2 ||    14
  Eat: Chunk             |     2 |     7 |    16 |     5 ||    30
       Ration            |       |       |     2 |     1 ||     3
Armor: Chain mail        |   105 |   166 |   436 |    93 ||   800
Dodge: Dodged            |    92 |   119 |   375 |    94 ||   680
